 Dungeon Crawl Stone Soup version 0.28-a0-828-g0121872642 (webtiles) character file.

Game seed: 15099353827615617624

351 dickylongcocking the Ruffian (level 6, -1/42 HPs)
             Began as an Octopode Fighter on Nov 10, 2021.
             Succumbed to a kobold brigand's curare-tipped dart
             ... on level 4 of the Dungeon.
             The game lasted 00:02:41 (2972 turns).

dickylongcocking the Ruffian (Octopode Fighter)     Turns: 2972, Time: 00:02:41

Health: -1/42      AC:  1    Str: 16    XL:     6   Next: 61%
Magic:  6/6        EV: 13    Int: 11    God:
Gold:   127        SH:  9    Dex: 12    Spells: 5/5 levels left

rFire   . . .      SeeInvis .     - Unarmed
rCold   . . .      Faith    .   a - +0 buckler
rNeg    . . .      Spirit   .   (helmet restricted)
rPois   .          Reflect  +   e - amulet of reflection
rElec   .          Harm     .   f - ring of resist corrosion
rCorr   +          Rampage  .   (no ring)
Will    .....                   (no ring)
Stlth   ++........              (no ring)
HPRegen 0.14/turn               (no ring)
MPRegen 0.10/turn               (no ring)
                                (no ring)
                                (no ring)

@: lethally poisoned (-1 -> -5), attractive, slowed, very slow
A: almost no armour, amphibious, 8 rings, camouflage 1, gelatinous body 1,
(nimble swimmer 1), tentacles
a: no special abilities


You were on level 4 of the Dungeon.
You visited 1 branch of the dungeon, and saw 5 of its levels.

You collected 127 gold pieces.

Inventory:

Missiles
 l - 2 throwing nets (quivered)
Armour
 a - a +0 buckler (worn)
Jewellery
 e - an amulet of reflection (around mantle)
 f - a ring of resist corrosion (left tentacle)
 m - a ring of ice
Scrolls
 c - a scroll of fog {unknown}
 g - 2 scrolls of magic mapping {unknown}
 h - 2 scrolls of teleportation {unknown}
 j - 3 scrolls of identify {unknown}
 k - a scroll of fear {unknown}
Potions
 b - a potion of might
 d - a potion of curing {unknown}
 i - a potion of attraction
 n - a potion of magic {unknown}


   Skills:
 - Level 3.0 Fighting
 - Level 3.0 Dodging
 - Level 3.0 Shields
 * Level 6.8 Unarmed Combat


You had 5 spell levels left.
You didn't know any spells.
Your spell library contained the following spells:

 Spells                   Type           Power      Damage    Failure   Level
 Summon Lightning Spire   Summ/Air       0%         N/A       98%         4
 Storm Form               Tmut/Air       0%         N/A       100%        7
 Maxwell's Capacitive Co  Air            0%         ∞         100%        8


Dungeon Overview and Level Annotations

Branches:
Dungeon (5/15)
 Temple: D:4-7

Altars:


Innate Abilities, Weirdness & Mutations

You cannot wear most types of armour.
You are amphibious.
You can wear up to eight rings at the same time.
Your skin changes colour to match your surroundings (Stealth+).
Your rubbery body absorbs attacks. (AC +1, EV +1)
((You are camouflaged near water. (Stealth+)))
You have tentacles for arms and can constrict up to eight enemies at once.


Message History

The kobold barely misses you. The kobold misses you.
You closely miss the kobold. Your grab misses the kobold.
You block the kobold's attack.
Unknown command.
You closely miss the kobold. You grab the kobold. You constrict the kobold.
The kobold barely misses you. You block the kobold's attack.
You tentacle-slap the kobold. You squeeze the kobold.
You kill the kobold!
The kobold hits you with a +0 short sword.
You block the kobold's attack.
Unknown command.
You tentacle-slap the kobold.
You kill the kobold!
You tentacle-slap the kobold. You grab the kobold.
The kobold is severely wounded.
You constrict the kobold.
You kill the kobold!
You block the kobold's attack.
The kobold brigand throws a curare-tipped dart.
The curare-tipped dart hits you.
You are poisoned.
You have difficulty breathing.
You feel yourself slow down.
You feel very sick. The kobold barely misses you.
You block the kobold's attack.
The kobold brigand hits you with a +0 short sword!
* * * LOW HITPOINT WARNING * * *
You block the kobold's attack. The kobold brigand closely misses you.
The kobold hits you with a +0 dagger.
* * * LOW HITPOINT WARNING * * *
Items here: ( )) †.
You tentacle-slap the kobold brigand. Your grab misses the kobold brigand.
Your squeeze misses the kobold brigand.
The kobold brigand is lightly wounded.
You feel sick.
The kobold hits you with a +0 short sword.
* * * LOW HITPOINT WARNING * * *
The kobold barely misses you. The kobold brigand barely misses you.
It was a potion of attraction.
You feel attractive to monsters.
You die...

....... #####
....... #####....
.☼☼†...♣### ♣#####
#........
†☼☼†......#
#....####........
.K........♣
♣...............
†..†...♣..♣♣#
##..####........
.KK...♣♣♣...♣###.##
#........ ......
#.KK♣♣)#.##
#........


.KKK. ##.♣K@.#).# #......## .KK.. ##KK♣K...# ######## .... ###♣....# ##### KK..
##...# #.... ##..# #.... ..## #.... ### #.... #.... #.... You could see a kobold
brigand and 5 kobolds.

Vanquished Creatures
  An ogre (D:4)
  A water moccasin skeleton (D:5)
  A jelly (D:4)
  2 orc priests (D:2)
  A hound skeleton (D:4)
  2 gnolls
  An adder (D:2)
  2 dart slugs
  5 orcs (D:2)
  4 ball pythons (D:1)
  3 bats
  3 endoplasms
  6 giant cockroaches
  7 goblins
  9 hobgoblins
  7 quokkas
  4 frilled lizards
  13 kobolds
  6 rats
78 creatures vanquished.

Vanquished Creatures (others)
  An adder skeleton (D:4)
  A hobgoblin (D:2)
  60 plants (D:4)
62 creatures vanquished.

Grand Total: 140 creatures vanquished

Notes
Turn   | Place    | Note
-------+----------+-------------------------------------------
     0 | D:1      | dickylongcocking the Octopode Fighter began the quest for
                  | the Orb.
     0 | D:1      | Reached XP level 1. HP: 16/16 MP: 1/1
   117 | D:1      | Reached XP level 2. HP: 19/21 MP: 2/2
   299 | D:1      | Reached skill level 3 in Unarmed Combat
   534 | D:1      | Reached XP level 3. HP: 26/26 MP: 3/3
   843 | D:2      | Reached skill level 4 in Unarmed Combat
   855 | D:2      | Reached XP level 4. HP: 30/31 MP: 4/4
   887 | D:2      | Reached skill level 5 in Unarmed Combat
   894 | D:2      | Reached XP level 5. HP: 36/36 MP: 5/5
  2263 | D:5      | Entered Level 5 of the Dungeon
  2609 | D:4      | Reached skill level 6 in Unarmed Combat
  2648 | D:4      | Reached XP level 6. HP: 42/42 MP: 6/6
  2971 | D:4      | HP: 1/42 [kobold (5)]
  2972 | D:4      | Succumbed to a kobold brigand's curare-tipped dart

Illustrated notes

Levels and vault maps discovered:
D:1:      dpeg_arrival_shelter, layout_basic
D:2:      cheibrodos_pilgrimage, layout_loops_ring, serial_aquarium,
          aquarium_bridge_square [aquarium_subvault_bridge,
          aquarium_subvault_bridge, aquarium_subvault_balcony,
          aquarium_subvault_bridge], aquarium_bridge_square
          [aquarium_subvault_bridge, aquarium_subvault_window,
          aquarium_subvault_bridge, aquarium_subvault_bridge],
          aquarium_window_corridor_2, aquarium_window_1, aquarium_window_fake,
          aquarium_window_fake, aquarium_view_2d, chequers_serial_rivers_micro_d
D:3:      layout_loops_corners, fountainhead, minmay_hedge_maze,
          dk_noncrumbling_3
D:4:      kennysheep_kobold_camp, layout_basic, nicolae_overflow_hidden_temple
D:5:      layout_cave_pools, serial_shops, nicolae_lakefront_shop, uniq_menkaure

Skill      XL: |  1  2  3  4  5 |
---------------+----------------+-----
Unarmed Combat | 3 4 5 6 |  6.8
Fighting       | |  3.0
Dodging        | |  3.0
Shields        | |  3.0

Action                   |  1- 3 |  4- 6 || total
-------------------------+-------+-------++-------
Melee: Unarmed           |    63 |    88 ||   151
       Tentacles         |    13 |    16 ||    29
       Constrict         |    19 |    21 ||    40
       Punch             |       |     3 ||     3
  Use: Potion            |       |     1 ||     1
 Stab: Sleeping          |     7 |     7 ||    14
Armor: Skin              |     3 |     2 ||     5
Dodge: Dodged            |    17 |    35 ||    52
Block: Buckler           |    16 |    38 ||    54
       Reflection        |       |     2 ||     2

Table legend: (Time is in decaauts)
 A = Elapsed time spent in this place.
 B = Non-inter-level travel time spent in this place.
 C = Inter-level travel time spent in this place.
 D = Time resting spent in this place.
 E = Time spent auto-exploring this place.
 F = Levels seen in this place.
 G = Mean time per level.
                   A        B        C        D        E       F      G
               +--------+--------+--------+--------+--------+-----+--------+
         Total |   2964 |   2905 |     59 |    421 |   1958 |   5 |  592.8 |
       Dungeon |   2964 |   2905 |     59 |    421 |   1958 |   5 |  592.8 |
               +--------+--------+--------+--------+--------+-----+--------+

Top non-repeatable levels by time:
     D:2: 1298 daAuts
     D:4: 625 daAuts
     D:1: 588 daAuts
     D:3: 365 daAuts
     D:5: 86 daAuts
